 Dungeon Crawl Stone Soup version 0.28-a0-863-g8cecda6153 (webtiles) character file.

Game seed: 11680646388160735288

69 ders the Digger (level 4, -1/24 HPs)
             Began as a Gargoyle Earth Elementalist on Nov 16, 2021.
             Slain by Terence (6 damage)
             ... on level 2 of the Dungeon.
             The game lasted 00:02:50 (2068 turns).

ders the Digger (Gargoyle Earth Elementalist)       Turns: 2068, Time: 00:02:50

Health: -1/24      AC:  5    Str: 11    XL:     4   Next: 20%
Magic:  2/7        EV: 12    Int: 17    God:
Gold:   20         SH:  0    Dex: 10    Spells: 4/8 levels left

rFire   . . .      SeeInvis .   c - +0 short sword
rCold   . . .      Faith    .   (no shield)
rNeg    + . .      Spirit   .   b - +0 robe
rPois   ∞          Reflect  .   (no helmet)
rElec   +          Harm     .   (no cloak)
rCorr   .          Rampage  .   (no gloves)
Will    .....                   (no boots)
Stlth   ++........              (no amulet)
HPRegen 0.08/turn               (no ring)
MPRegen 0.10/turn               (no ring)

@: no status effects
A: sickness immunity, AC +3, negative energy resistance 1, electricity
resistance, torment resistance 1, petrification resistance
a: no special abilities


You were on level 2 of the Dungeon.
You visited 1 branch of the dungeon, and saw 2 of its levels.

You collected 20 gold pieces.

Inventory:

Hand Weapons
 c - a +0 short sword (weapon)
Armour
 b - a +0 robe (worn)
Scrolls
 a - a scroll of blinking {unknown}
 e - a scroll of noise {unknown}
Potions
 d - 2 potions of degeneration {unknown}
 f - a potion of haste {unknown}
 g - a potion of might {unknown}


   Skills:
 + Level 2.1 Dodging
 + Level 2.8 Stealth
 + Level 2.5 Spellcasting
 * Level 1.2 Conjurations
 - Level 1.2 Transmutations
 + Level 4.2 Earth Magic


You had 4 spell levels left.
You knew the following spells:

 Your Spells              Type           Power      Damage    Failure   Level
a - Sandblast             Erth           32%        2d9       3%          1
b - Stone Arrow           Conj/Erth      22%        3d8       19%         3

Your spell library contained the following spells:

 Spells                   Type           Power      Damage    Failure   Level
 Passwall                 Tmut/Erth      9%         N/A       10%         2
 Beastly Appendage        Tmut           12%        N/A       11%         1
 Petrify                  Tmut/Erth      11%        N/A       52%         4
 Irradiate                Conj/Tmut      3%         3d14      97%         5
 Necromutation            Tmut/Necr      2%         N/A       100%        8


Dungeon Overview and Level Annotations

Branches:
Dungeon (2/15)

Altars:

Annotations:
D:2 Terence


Innate Abilities, Weirdness & Mutations

You are immune to sickness and miasma.
Your stone body is resilient. (AC +3)
You are immune to poison.
You resist negative energy. (rN+)
You are resistant to electric shocks. (rElec)
You are resistant to unholy torment.
You are immune to petrification.


Message History

Done exploring.
You climb downwards.
There is a stone staircase leading up here.
Found 14 sling bullets.
Terence the Incautious comes into view.
He is wielding a +0 hand axe.
Terence shouts!
Terence shouts, "Now you die!"
Casting: Stone Arrow (extremely dangerous; 19% risk of failure)
Confirm with . or Enter, or press ? or * to list all spells.
The spell is extremely dangerous to cast (19% risk of failure)!
Continue anyway?
Aiming: Stone Arrow (extremely dangerous; 19% risk of failure)
Press: ? - help, Shift-Dir - straight line, f - Terence
Aim: Terence, wielding a +0 hand axe and wearing a +0 chain mail (77% to hit)
The stone arrow misses Terence.
Casting: Stone Arrow (extremely dangerous; 19% risk of failure)
Confirm with . or Enter, or press ? or * to list all spells.
The spell is extremely dangerous to cast (19% risk of failure)!
Continue anyway?
Aiming: Stone Arrow (extremely dangerous; 19% risk of failure)
Press: ? - help, Shift-Dir - straight line, f/p - Terence
Aim: Terence, wielding a +0 hand axe and wearing a +0 chain mail (77% to hit)
The stone arrow hits Terence!
Terence is heavily wounded.
Terence drinks a potion.
Terence goes berserk!
Terence barely misses you.
Casting: Stone Arrow (extremely dangerous; 19% risk of failure)
Confirm with . or Enter, or press ? or * to list all spells.
You don't have enough magic to cast this spell.
Terence is nearby!
Unknown command.
Terence misses you. Terence hits you with a +0 hand axe!
Terence rages.
Terence hits you with a +0 hand axe.
Casting: Stone Arrow (extremely dangerous; 19% risk of failure)
Confirm with . or Enter, or press ? or * to list all spells.
Okay, then.
Terence hits you with a +0 hand axe!
* * * LOW HITPOINT WARNING * * *
Terence hits you with a +0 hand axe.
You die...

######.#.##.##.# #.#
#.........#.##.# #<#
#.####.#..#.##.# #.# #.#
#.#>.#.##.# #.# #.#
#.#..#.##.# #.# #.#
#......##.## #.# #(#
###....#...#######.#
###.######......#.........#
............#.#@@.#########
###.#######.#.##.## ....#
#.#.##.# ##### #.#....#
#.####.# ###.####.#
#.....##.# ##.....##.#
#.........#


You could see Terence (berserk).

Vanquished Creatures
  2 adders (D:2)
  2 worms (D:2)
  A dart slug (D:1)
  A ball python (D:2)
  2 endoplasms (D:1)
  11 giant cockroaches
  A goblin (D:1)
  4 hobgoblins
  4 quokkas (D:1)
  3 bats
  A frilled lizard (D:1)
  4 kobolds
  5 rats (D:1)
41 creatures vanquished.

Notes
Turn   | Place    | Note
-------+----------+-------------------------------------------
     0 | D:1      | ders the Gargoyle Earth Elementalist began the quest for
                  | the Orb.
     0 | D:1      | Reached XP level 1. HP: 10/10 MP: 3/3
   386 | D:1      | Reached skill level 1 in Transmutations
   386 | D:1      | Reached XP level 2. HP: 15/15 MP: 0/5
   726 | D:1      | Got the Catalogue of Shape Shifting
  1017 | D:1      | Reached XP level 3. HP: 16/19 MP: 3/6
  1021 | D:1      | Learned a level 3 spell: Stone Arrow
  1193 | D:2      | Reached skill level 4 in Earth Magic
  1650 | D:2      | Reached skill level 1 in Conjurations
  1797 | D:2      | Reached XP level 4. HP: 24/24 MP: 2/7
  2049 | D:2      | Noticed Terence
  2068 | D:2      | Slain by Terence

Illustrated notes

Levels and vault maps discovered:
D:1:      nzn_arrival_depleted_hourglass, layout_loops_ring
D:2:      minmay_roachtagon, layout_loops_ring,
          ebering_ecumenical_altar_sacrificial, uniq_terence

Skill      XL: |  1  2  3 |
---------------+----------+-----
Transmutations | 1 |  1.2
Earth Magic    | 4 |  4.2
Dodging        | 2 |  2.1
Conjurations   | 1 |  1.2
Stealth        | |  2.8
Spellcasting   | |  2.5

Action                   |  1- 3 |  4- 6 || total
-------------------------+-------+-------++-------
Melee: Unarmed           |     2 |       ||     2
 Cast: Sandblast         |    63 |       ||    63
       Stone Arrow       |     1 |     6 ||     7
Armor: Robe              |    10 |     3 ||    13
Dodge: Dodged            |    22 |     9 ||    31

Table legend: (Time is in decaauts)
 A = Elapsed time spent in this place.
 B = Non-inter-level travel time spent in this place.
 C = Inter-level travel time spent in this place.
 D = Time resting spent in this place.
 E = Time spent auto-exploring this place.
 F = Levels seen in this place.
 G = Mean time per level.
                   A        B        C        D        E       F      G
               +--------+--------+--------+--------+--------+-----+--------+
         Total |   2069 |   2028 |     41 |    833 |    892 |   2 | 1034.5 |
       Dungeon |   2069 |   2028 |     41 |    833 |    892 |   2 | 1034.5 |
               +--------+--------+--------+--------+--------+-----+--------+

Top non-repeatable levels by time:
     D:1: 1274 daAuts
     D:2: 794 daAuts
